 Dungeon Crawl Stone Soup version 0.30-a0-739-gea05faddec (webtiles) character file.

Game seed: 6651931204008169951

597 avis the Shooter (level 6, 0/56 HPs)
             Began as a Demigod Hunter on Feb 5, 2023.
             Slain by an orc wizard
             ... wielding a +0 dagger
              (1 damage)
             ... on level 6 of the Dungeon.
             The game lasted 00:21:35 (3554 turns).

avis the Shooter (Demigod Hunter)                   Turns: 3554, Time: 00:21:36

Health: 0/56       AC:  7    Str: 12    XL:     6   Next: 95%
Magic:  8/8        EV: 12    Int: 11    God:
Gold:   316        SH:  0    Dex: 25    Spells: 5/5 levels left

rFire   . . .      SeeInvis .    b - +2 rapier (venom)
rCold   . . .      Faith    .    (no shield)
rNeg    + . .      Spirit   .    c - +0 leather armour
rPois   .          Reflect  .    r - +0 helmet
rElec   .          Harm     .    j - +0 cloak
rCorr   .          Rampage  .    f - +0 pair of gloves
Will    .....                    y - +0 pair of boots
Stlth   ++                       (no amulet)
HPRegen 0.29/turn                k - ring of positive energy
MPRegen 0.11/turn                s - ring of flight

@: flying
A: high MP 1, forlorn, divine attributes
a: no special abilities


You were on level 6 of the Dungeon.
You visited 1 branch of the dungeon, and saw 6 of its levels.

You collected 316 gold pieces.

Inventory:

Hand Weapons
 a - a +0 shortbow
 b - a +2 rapier of venom (weapon)
 x - a +0 short sword
Missiles
 e - 6 poisoned darts
 h - 4 javelins
 w - 3 throwing nets
Armour
 c - a +0 leather armour (worn)
 f - a +0 pair of gloves (worn)
 g - an orb of wrath
 j - a +0 cloak (worn)
 r - a +0 helmet (worn)
 y - a +0 pair of boots (worn)
Jewellery
 k - a ring of positive energy (left hand)
 s - a ring of flight (right hand)
Wands
 q - a wand of mindburst (6)
 t - a wand of polymorph (5)
Scrolls
 i - a scroll of immolation
 m - 2 scrolls of identify
 p - a scroll of fog {unknown}
 v - a scroll of vulnerability {unknown}
Potions
 o - a potion of attraction {unknown}
 u - 2 potions of berserk rage {unknown}
 z - 2 potions of magic {unknown}
 A - a potion of might {unknown}
 B - a potion of flight {unknown}
 C - 3 potions of heal wounds {unknown}
 D - a potion of haste {unknown}
 E - a potion of mutation {unknown}


   Skills:
 - Level 5.0 Fighting
 * Level 6.3 Ranged Weapons
 - Level 2.0 Dodging
 - Level 1.0 Stealth


You had 5 spell levels left.
You didn't know any spells.
Your spell library contained the following spells:

 Spells                   Type           Power      Damage    Failure   Level
 Freeze                   Ice            0%         1d3       41%         1
 Frozen Ramparts          Ice            0%         1d1       80%         3
 Hailstorm                Conj/Ice       0%         3d3       80%         3
 Ozocubu's Armour         Ice            0%         N/A       80%         3
 Metabolic Englaciation   Hex/Ice        0%         N/A       100%        5
 Simulacrum               Ice/Necr       0%         N/A       100%        6


Dungeon Overview and Level Annotations

Branches:
Dungeon (7/15)
 Temple: D:4-7

Annotations:
D:3 1 runed translucent door, exclusion: door, Crazy Yiuf
D:7 Joseph


Innate Abilities, Weirdness & Mutations

You have an increased reservoir of magic. (+10% MP)
You shall have no god before yourself.
Your divine heritage dramatically boosts your attributes as you level up.


Message History

Really read the scroll of poison?
The air fills with toxic fumes!
As you read the scroll of poison, it crumbles to dust.
The orc priest looks braver for a moment.
The orc wizard hits you but does no damage.
You hit the orc wizard but do no damage.
The orc wizard is poisoned.
A magic dart appears from out of thin air!
The magic dart hits you.
* * * LOW HITPOINT WARNING * * *
The orc wizard hits you but does no damage.
You barely miss the orc wizard.
The adder is engulfed in poison gas.
The adder is poisoned.
The orc wizard casts a spell at you. The puff of flame hits you.
* * * LOW HITPOINT WARNING * * *
The adder is engulfed in poison gas.
The adder looks even sicker.
You kill the adder!
The orc wizard hits you with a +0 dagger.
* * * LOW HITPOINT WARNING * * *
You feel better.
The orc priest calls down the wrath of Beogh upon you.
Beogh smites you!
* * * LOW HITPOINT WARNING * * *
You hit the orc wizard but do no damage.
A wight comes into view. It is wielding a +0 great sword.
You hear some strange, mumbled words.
Something tries to affect you, but you resist.
The orc wizard gestures at you while chanting.
You resist with some effort.
The orc wizard hits you with a +0 dagger.
* * * LOW HITPOINT WARNING * * *
You closely miss the orc wizard.
You hear some strange, mumbled words.
A puff of flame appears from out of thin air!
The puff of flame misses you.
The orc wizard casts a spell.
The orc wizard flickers and vanishes!
The orc wizard hits you with a +0 dagger.
You die...

#§## #.§§#
§§§§## #o..§§#
####§o.§§§☼
###§§§§§§.§☼☼
#§§{§{.(☼§§§§
####☼zo§@oz§h§§§
#..##.####§☼☼S§§
#.....).#..☼§§§§
##...)......z##§
#............☼§
#........##.#.§☼
##.>....## # §
#..##### ####


You could see a hound, 3 wights, an orc priest, an orc wizard, an adder and 2
orcs.

Vanquished Creatures
  Sigmund (D:3)
  A centaur (D:7)
  A hound (D:7)
  Natasha (thrice) (D:2)
  An iguana (D:7)
  Robin (D:2)
  7 gnolls
  5 adders
  2 worms (D:2)
  2 dart slugs
  3 orcs (D:6)
  3 bats
  6 endoplasms
  3 giant cockroaches
  12 goblins
  10 hobgoblins
  3 jackals (D:1)
  3 quokkas
  6 ball pythons
  3 frilled lizards
  5 kobolds
  4 rats
85 creatures vanquished.

Notes
Turn   | Place    | Note
-------+----------+-------------------------------------------
     0 | D:1      | avis the Demigod Hunter began the quest for the Orb.
     0 | D:1      | Reached XP level 1. HP: 17/17 MP: 3/3
   168 | D:1      | Reached XP level 2. HP: 23/25 MP: 4/4
   951 | D:2      | Reached skill level 4 in Ranged Weapons
   951 | D:2      | Reached XP level 3. HP: 23/31 MP: 5/5
  1099 | D:2      | Reached skill level 1 in Stealth
  1227 | D:2      | Noticed Robin
  1232 | D:2      | Killed Robin
  1254 | D:2      | Reached XP level 4. HP: 39/39 MP: 6/6
  1458 | D:2      | Noticed Natasha
  1469 | D:2      | Killed Natasha
  1933 | D:2      | Noticed Natasha
  1940 | D:2      | Killed Natasha
  2030 | D:2      | Noticed Natasha
  2040 | D:2      | Killed Natasha
  2041 | D:2      | Reached XP level 5. HP: 34/46 MP: 7/7
  2116 | D:3      | Reached skill level 5 in Ranged Weapons
  2238 | D:3      | Noticed Sigmund
  2397 | D:3      | Killed Sigmund
  2398 | D:3      | Reached skill level 6 in Ranged Weapons
  2398 | D:3      | Reached XP level 6. HP: 51/52 MP: 8/8
  3124 | D:3      | Found a runed translucent door.
  3125 | D:3      | Noticed Crazy Yiuf
  3405 | D:4      | You are sucked into a shaft and drop 3 floors!
  3514 | D:7      | Reached skill level 5 in Fighting
  3522 | D:7      | Noticed Joseph
  3551 | D:6      | HP: 2/56 [orc wizard/+0 dagger (1)]
  3554 | D:6      | Slain by an orc wizard

Illustrated notes

Levels and vault maps discovered:
D:1:      minmay_arrival_solitary_statue, layout_loops_cross, st_stairs_6,
          minmay_pentomino_p4
D:2:      kennysheep_big_flooded_room, layout_basic, basic_altar, minivault_26,
          minivault_19, uniq_robin, uniq_natasha
D:3:      layout_loops_ring, nicolae_overflow_hidden_temple, uniq_sigmund,
          uniq_crazy_yiuf_cottage
D:4:      layout_basic
D:6:      layout_cave_pools, minmay_temple_entry_junction,
          nicolae_concentric_dashed_squares_wild
D:7:      layout_basic, gammafunk_temple_overflow_pools, lemuel_flamethrower_1,
          uniq_joseph

Skill      XL: |  1  2  3  4  5  6 |
---------------+-------------------+-----
Fighting       | 2 3 4 5 |  5.0
Ranged Weapons | 4 6 |  6.3
Dodging        | 2 |  2.0
Stealth        | 1 |  1.0

Action                     |  1- 3 |  4- 6 || total
---------------------------+-------+-------++-------
  Melee: Rapier            |       |    22 ||    22
         Punch             |       |     1 ||     1
   Fire: Shortbow          |   122 |   130 ||   252
    Use: Scroll            |       |     4 ||     4
         Potion            |       |     4 ||     4
   Stab: Sleeping          |       |     1 ||     1
 Armour: Leather armour    |    25 |    33 ||    58
  Dodge: Dodged            |    42 |    47 ||    89

Table legend: (Time is in decaauts)
 A = Elapsed time spent in this place.
 B = Non-inter-level travel time spent in this place.
 C = Inter-level travel time spent in this place.
 D = Time resting spent in this place.
 E = Time spent auto-exploring this place.
 F = Levels seen in this place.
 G = Mean time per level.
                   A        B        C        D        E       F      G
               +--------+--------+--------+--------+--------+-----+--------+
         Total |   3642 |   3081 |    561 |    498 |   1636 |   6 |  607.0 |
       Dungeon |   3642 |   3081 |    561 |    498 |   1636 |   6 |  607.0 |
               +--------+--------+--------+--------+--------+-----+--------+

Top non-repeatable levels by time:
     D:2: 1528 daAuts
     D:3: 998 daAuts
     D:1: 845 daAuts
     D:7: 122 daAuts
     D:4: 118 daAuts
     D:6: 29 daAuts
